[Event "Kvibergspelen September 2019"]
[Site "Prioritet Serneke Arena, Krutvagen 2, Gothenburg, Sweden"]
[Date "2019.09.29"]
[Round "8.10"]
[White "Le, Quang Long"]
[Black "Ronneland, Daniel"]
[Result "1-0"]
[TimeControl "15 minutes + 5 seconds per move from move one (Round 1 - 4) / 90 minutes + 30 seconds per move from move one (Round 5 - 8)"]
[WhiteTitle "IM"]
[WhiteFideId "12401749"]
[BlackFideId "1702130"]
[WhiteElo "2415"]
[BlackElo "2137"]

1. c4 Nf6 2. g3 g6 3. b3 Bg7 4. Bb2 O-O 5. Bg2 d6 6. Nf3 e5 7. O-O Nc6 8. d3 Re8 9. Nbd2 e4 10.
dxe4 Nxe4 11. Bxg7 Kxg7 12. Nxe4 Rxe4 13. Nd2 Re8 14. Ne4 Bf5 15. Nc3 Qd7 16. Re1 Rac8 17. Qd2 Bh3 18. Bh1 Qe6 19.
Nd5 Qe5 20. Rad1 Kg8 21. e4 Qg7 22. Qf4 Kh8 23. g4 f5 24. g5 fxe4 25. Rxe4 Bf5 26. Rxe8+ Rxe8 27. Nf6 Re7 28. c5 Ne5 29.
cxd6 cxd6 30. Rxd6 Nd7 31. Qd4 Re6 32. Bxb7 Re1+ 33. Kg2 Nxf6 34. Qxf6 Qxf6 35. gxf6 Re8 36. Bd5 h5 37. Ra6 Rf8 38.
h4 Rd8 39. Bc4 Rd7 40. Kf3 Kh7 41. Kf4 Rd4+ 42. Ke5 1-0

[Event "Kvibergspelen September 2019"]
[Site "Prioritet Serneke Arena, Krutvagen 2, Gothenburg, Sweden"]
[Date "2019.09.29"]
[Round "8.11"]
[White "Schandorff, Lars"]
[Black "Svensson, Mikael"]
[Result "1/2-1/2"]
[TimeControl "15 minutes + 5 seconds per move from move one (Round 1 - 4) / 90 minutes + 30 seconds per move from move one (Round 5 - 8)"]
[WhiteTitle "GM"]
[WhiteFideId "1400070"]
[BlackFideId "1716433"]
[WhiteElo "2496"]
[BlackElo "2163"]

1. Nf3 e6 2. c4 f5 3. g3 Nf6 4. Bg2 g6 5. O-O Bg7 6. d4 O-O 7. Nc3 d6 8. Qc2 Nc6 9. d5 Nb4 10.
Qd1 e5 11. a3 Na6 12. b4 Qe7 13. e4 f4 14. h3 h6 15. g4 Nh7 16. Nh2 Qh4 17. Nf3 Qe7 18. Nh2 Qh4 19. Nf3 Qe7 1/2-1/2

[Event "Kvibergspelen September 2019"]
[Site "Prioritet Serneke Arena, Krutvagen 2, Gothenburg, Sweden"]
[Date "2019.09.29"]
[Round "8.12"]
[White "Rasti, Arvin"]
[Black "Cramling, Pia"]
[Result "0-1"]
[TimeControl "15 minutes + 5 seconds per move from move one (Round 1 - 4) / 90 minutes + 30 seconds per move from move one (Round 5 - 8)"]
[BlackTitle "GM"]
[WhiteFideId "1741160"]
[BlackFideId "1700030"]
[WhiteElo "2182"]
[BlackElo "2487"]

1. Nf3 d5 2. e3 Nf6 3. c4 e6 4. Nc3 dxc4 5. Bxc4 a6 6. d4 c5 7. O-O b5 8. Bb3 Bb7 9. Qe2 Nbd7 10.
Rd1 Qb6 11. a3 Be7 12. dxc5 Nxc5 13. Bc2 O-O 14. e4 Rad8 15. Bg5 Qc7 16. Rac1 Rxd1+ 17. Rxd1 Rd8 18. Rxd8+ Qxd8 19. Qd2 h6 20.
Qxd8+ Bxd8 21. b4 hxg5 22. bxc5 Nd7 23. c6 Bxc6 24. Nd4 Bb7 25. Nb3 Bb6 26. a4 b4 27. Na2 a5 28. Nac1 Ne5 29.
h3 Ba6 30. Bd1 Bb7 31. Nd2 Bc6 32. Kf1 Kf8 33. g3 Bb7 34. Be2 Bc6 35. Bd1 Ke7 36. Bc2 Bb7 37. f4 gxf4 38. gxf4 Ng6 39.
f5 Nf4 40. h4 Ba6+ 41. Ke1 Ng2+ 0-1

[Event "Kvibergspelen September 2019"]
[Site "Prioritet Serneke Arena, Krutvagen 2, Gothenburg, Sweden"]
[Date "2019.09.29"]
[Round "8.13"]
[White "Kumar, Rahul"]
[Black "Ziegler, Ari"]
[Result "0-1"]
[TimeControl "15 minutes + 5 seconds per move from move one (Round 1 - 4) / 90 minutes + 30 seconds per move from move one (Round 5 - 8)"]
[BlackTitle "IM"]
[WhiteFideId "5010969"]
[BlackFideId "1700987"]
[WhiteElo "2158"]
[BlackElo "2299"]

1. b3 e5 2. Bb2 d6 3. g3 f5 4. Bg2 Nf6 5. c4 Be7 6. Nc3 O-O 7. e3 Nc6 8. Nge2 Qe8 9. Nd5 Nxd5 10.
cxd5 Nb4 11. O-O Bd7 12. a4 Qf7 13. d3 Nxd5 14. Qd2 c6 15. b4 Be6 16. b5 c5 17. f4 exf4 18. gxf4 Rad8 19.
e4 fxe4 20. dxe4 Nb6 21. f5 Bb3 22. Qd3 Bc4 23. Qc2 Bxe2 24. Qxe2 Nc4 25. Rac1 Nxb2 26. Qxb2 Bf6 27. Qe2 Be5 28.
Qc4 Qxc4 29. Rxc4 Rf6 30. Rf3 Re8 31. Rd3 Rh6 32. h3 Rh4 33. Kf1 Rf8 34. Rc2 g6 35. Ke1 gxf5 36. exf5 Rxf5 37.
Bd5+ Kg7 38. Rg2+ Kh6 39. Bxb7 Rxa4 40. Rg4 Rxg4 41. hxg4 Rf7 42. Be4 Kg5 43. Bf3 c4 44. Ra3 c3 45.
Bd1 Re7 46. Ke2 Kxg4 47. Kd3+ Kg3 48. Ra4 Rg7 49. Re4 h6 50. Re1 Kf2 51. Rh1 Rg1 52. Rxg1 Kxg1 53. Ke2 h5 0-1

[Event "Kvibergspelen September 2019"]
[Site "Prioritet Serneke Arena, Krutvagen 2, Gothenburg, Sweden"]
[Date "2019.09.29"]
[Round "8.14"]
[White "Ask, Josef"]
[Black "Crevatin, Leo"]
[Result "1/2-1/2"]
[TimeControl "15 minutes + 5 seconds per move from move one (Round 1 - 4) / 90 minutes + 30 seconds per move from move one (Round 5 - 8)"]
[WhiteTitle "FM"]
[BlackTitle "CM"]
[WhiteFideId "1704583"]
[BlackFideId "1726307"]
[WhiteElo "2160"]
[BlackElo "2235"]

1. e4 c6 2. d4 d5 3. Nd2 dxe4 4. Nxe4 Bf5 5. Ng3 Bg6 6. h4 h6 7. Nf3 Nd7 8. h5 Bh7 9. Bd3 Bxd3 10.
Qxd3 e6 11. Bd2 Ngf6 12. Qe2 Be7 13. O-O-O O-O 14. Nf1 c5 15. g4 cxd4 16. g5 hxg5 17. Bxg5 Nd5 18. Rg1 Bxg5+ 19. Rxg5 Nf4 20.
Qe4 Qc7 21. Nxd4 Nc5 22. Qf3 Rac8 23. Ne3 Kh8 24. Rg4 e5 25. Ndf5 Nce6 26. Rdg1 Rg8 27. Kb1 a5 28. Qe4 1/2-1/2

[Event "Kvibergspelen September 2019"]
[Site "Prioritet Serneke Arena, Krutvagen 2, Gothenburg, Sweden"]
[Date "2019.09.29"]
[Round "8.15"]
[White "Torngren, Gustav"]
[Black "Rishovd, Svein"]
[Result "1/2-1/2"]
[TimeControl "15 minutes + 5 seconds per move from move one (Round 1 - 4) / 90 minutes + 30 seconds per move from move one (Round 5 - 8)"]
[WhiteTitle "CM"]
[BlackTitle "CM"]
[WhiteFideId "1728970"]
[BlackFideId "1513060"]
[WhiteElo "2227"]
[BlackElo "2158"]

1. c4 e6 2. d4 d5 3. Nc3 Nf6 4. Nf3 c5 5. cxd5 Nxd5 6. e4 Nxc3 7. bxc3 cxd4 8. cxd4 Bb4+ 9. Bd2 Bxd2+ 10. Qxd2 O-O 11. Bc4 Nd7 12. O-O b6 13. Rfe1 Bb7 14. Rad1 Rc8 15. Bd3 Qe7 16. Qf4 Rfd8 17. h4 Nf8 18.
Bb1 h6 19. Re3 Rc4 20. e5 Rd7 21. Be4 Bd5 22. h5 Nh7 23. Bd3 Bxf3 24. Rxf3 Rcc7 25. Bxh7+ Kxh7 26. Rg3 Rc8 27. Qg4 Qf8 28.
f4 Rcd8 29. f5 exf5 30. Qxf5+ Kh8 31. Qg4 Rd5 32. Rdd3 b5 33. Kh2 a5 34. Qf4 Qe7 35. Kg1 1/2-1/2

[Event "Kvibergspelen September 2019"]
[Site "Prioritet Serneke Arena, Krutvagen 2, Gothenburg, Sweden"]
[Date "2019.09.29"]
[Round "8.16"]
[White "Wengholm, Anders"]
[Black "Bjorkeroth, Johan"]
[Result "1-0"]
[TimeControl "15 minutes + 5 seconds per move from move one (Round 1 - 4) / 90 minutes + 30 seconds per move from move one (Round 5 - 8)"]
[WhiteFideId "1704818"]
[BlackFideId "1719106"]
[WhiteElo "2218"]
[BlackElo "2147"]

1. c4 e6 2. Nf3 Nf6 3. g3 d5 4.
Bg2 Be7 5. O-O O-O 6. d4 c6 7. Nbd2 Nbd7 8. Qc2 b6 9. e4 dxe4 10. Nxe4 Bb7 11. Bf4 Nxe4 12. Qxe4 Nf6 13. Qe2 c5 14.
Rad1 Qc8 15. d5 Re8 16. dxe6 Qxe6 17. Qxe6 fxe6 18. Rfe1 Rad8 19. Rxd8 Bxd8 20. Ng5 Bxg2 21. Kxg2 Nh5 22.
Bc1 Bxg5 23. Bxg5 Kf7 24. Rd1 Nf6 25. Kf3 h6 26. Bxf6 gxf6 27. Kg4 Re7 28. Kh5 f5 29. Kxh6 Kf6 30.
Rd8 Ke5 31. h4 Ke4 32. h5 Kf3 33. Rd2 Kg4 34. Kg6 e5 35. h6 Re6+ 36. Kg7 Re7+ 37. Kf6 Rc7 38. Kxe5 Kg5 39. Rd6 Rh7 40.
f4 1-0

[Event "Kvibergspelen September 2019"]
[Site "Prioritet Serneke Arena, Krutvagen 2, Gothenburg, Sweden"]
[Date "2019.09.29"]
[Round "8.17"]
[White "Hansen, Lars"]
[Black "Bengtsson, Tage"]
[Result "0-1"]
[TimeControl "15 minutes + 5 seconds per move from move one (Round 1 - 4) / 90 minutes + 30 seconds per move from move one (Round 5 - 8)"]
[WhiteFideId "1402528"]
[BlackFideId "1713850"]
[WhiteElo "2207"]
[BlackElo "1984"]

1. d4 d5 2. c4 e6 3. Nc3 c5 4. cxd5 exd5 5. Nf3 Nc6 6. g3 Nf6 7. Bg2 Be7 8. O-O O-O 9. dxc5 Bxc5 10.
Bg5 d4 11. Bxf6 Qxf6 12. Ne4 Qe7 13. Nxc5 Qxc5 14. Rc1 Qb6 15. Qc2 Nb4 16. Qc5 d3 17. exd3 Nxd3 18. Qxb6 axb6 19. Rc7 Rxa2 20.
b3 Rb2 21. Nd4 Nc5 22. Rc1 Be6 23.
Nxe6 fxe6 24. f4 Rd8 25. Bxb7 Rxb3 26. Bg2 Rbd3 27. Rc6 Rd1+ 28. Rxd1 Rxd1+ 29. Kf2 Rd2+ 30. Kg1 Rb2 31. f5 exf5 32.
Bd5+ Kf8 33. Rc7 Rd2 34. Rf7+ Ke8 35. Rxf5 g6 36. Re5+ Kf8 37. Bc4 Rd4 38. Bb5 Kf7 39. Re2 Ne4 40.
Re1 Nd6 41. Bc6 b5 42. Rf1+ Ke7 43. Re1+ Kd8 44. Rb1 b4 45. Kf2 Kc7 46. Ba4 Kb6 47. h3 Kc5 48. g4 Rc4 49. Ke2 Ne4 50. Kd3 Nf2+ 51. Kd2 Nxh3 52.
Bd1 Nf4 53. Bb3 Rd4+ 54. Kc2 Nd5 55. Rh1 Ne3+ 56. Kb1 Rxg4 57. Rxh7 Kd4 58. Be6 Re4 59. Rd7+ Kc3 60. Bf7 g5 61.
Bg6 Rd4 62. Rc7+ Nc4 63. Bh5 g4 64. Kc1 b3 65. Bg6 b2+ 0-1

[Event "Kvibergspelen September 2019"]
[Site "Prioritet Serneke Arena, Krutvagen 2, Gothenburg, Sweden"]
[Date "2019.09.29"]
[Round "8.18"]
[White "Skou, Niels"]
[Black "Ernst, Thomas"]
[Result "1-0"]
[TimeControl "15 minutes + 5 seconds per move from move one (Round 1 - 4) / 90 minutes + 30 seconds per move from move one (Round 5 - 8)"]
[BlackTitle "GM"]
[WhiteFideId "1413155"]
[BlackFideId "1700065"]
[WhiteElo "2082"]
[BlackElo "2328"]

1. d4 Nf6 2. c4 g6 3. Nc3 d5 4. Nf3 Bg7 5. Bf4 O-O 6. e3 c5 7. dxc5 Qa5 8. Rc1 dxc4 9. Bxc4 Qxc5 10.
Bb3 Nc6 11. O-O Qa5 12. h3 Bf5 13. Qe2 Ne4 14. g4 Nxc3 15. bxc3 Bd7 16. Rfd1 Rad8 17. Rd5 Qb6 18. Rb1 Bc8 19.
Rg5 Be6 20. Rb5 Qa6 21. Bxe6 fxe6 22. Qc4 Rd5 23. a4 Na5 24. Qb4 Nc6 25. Qe4 Nd8 26. Rxd5 exd5 27. Qxd5+ e6 28. Qd7 Qc6 29.
Qxc6 Nxc6 30. Kg2 b6 31. Rd1 Rd8 32. Rxd8+ Nxd8 33. Bc7 Nc6 34. Nd4 Bxd4 35. exd4 Kf7 36. Kf3 Ke7 37. Ke4 Kd7 38.
Bf4 Na5 39. Kd3 Nc6 40. Bc1 Nd8 41. c4 Nf7 42. h4 a6 43. Ba3 Kc6 44. Ke4 b5 45. cxb5+ axb5 46. axb5+ Kxb5 47. d5 e5 48.
Bf8 Kb6 49. Bg7 Kc7 50. Bxe5+ Kd7 51. Bc3 Ke7 52. Bb4+ Kd7 53. Ba3 Nh6 54. f3 Nf7 55. Bb4 Ke8 56. d6 Kd7 57. Kd5 Nd8 58.
Bd2 Nf7 59. Bf4 h5 60. g5 Nd8 61. Ke5 Nc6+ 62. Kf6 Nd4 63. Kxg6 Nxf3 64. Kxh5 1-0

[Event "Kvibergspelen September 2019"]
[Site "Prioritet Serneke Arena, Krutvagen 2, Gothenburg, Sweden"]
[Date "2019.09.29"]
[Round "8.19"]
[White "Svorono, Gabriel"]
[Black "Sidorchuk, Dmitry"]
[Result "1/2-1/2"]
[TimeControl "15 minutes + 5 seconds per move from move one (Round 1 - 4) / 90 minutes + 30 seconds per move from move one (Round 5 - 8)"]
[WhiteFideId "1715623"]
[BlackFideId "14110903"]
[WhiteElo "2082"]
[BlackElo "2266"]

1. e4 e6 2. d4 d5 3. Nd2 Nf6 4. e5 Nfd7 5. Bd3 c5 6. c3 Nc6 7. Ne2 cxd4 8. cxd4 f6 9. exf6 Nxf6 10.
Nf3 Bd6 11. O-O O-O 12. Bf4 Bxf4 13. Nxf4 Qd6 14. Ne2 Bd7 15. Re1 e5 16. dxe5 Nxe5 17. Nxe5 Qxe5 18. Nd4 Qf4 19. g3 Qd6 20.
Nf5 Qb6 21. Qb3 Qxb3 22. axb3 g6 23. Nd4 Rf7 24. b4 Kg7 25. Kg2 h5 26. Ne6+ Bxe6 27. Rxe6 Rd7 28. Re5 Kf7 29. f3 Ng8 30.
g4 hxg4 31. fxg4 Ne7 32. b5 b6 33. Rf1+ Kg7 34. Rfe1 Kf7 35. h4 Rc8 36. h5 d4 37. Bb1 gxh5 38. Rxh5 d3 39. Rh7+ Kf6 40.
Bxd3 Rxd3 41. Rhxe7 Rc2+ 42. R1e2 Rxe2+ 43. Rxe2 Rb3 44. Kf2 Kg5 45. Ke1 Kxg4 46. Re7 Rxb5 47. Rxa7 Rxb2 48. Kd1 Kf4 49.
Kc1 Rb5 50. Ra3 Ke4 51. Kc2 Kd4 52. Ra4+ Kc5 53. Kc3 Rb1 54. Rh4 Kb5 55. Rg4 Ka5 56. Rh4 b5 57. Kc2 Rg1 58. Kb3 Rg3+ 59.
Kb2 Rg5 60. Rf4 b4 61. Rf8 Rg2+ 62. Kb3 Rg3+ 63. Kb2 Rg5 64. Ra8+ Kb5 65. Rb8+ Kc4 66. Rc8+ Rc5 67. Rxc5+ Kxc5 68. Kb3 Kb5 69. Kb2 Kc4 70. Kc2 b3+ 71. Kb2 Kb4 72. Kb1 Kc3 73. Kc1 b2+ 74. Kb1 Kb3 1/2-1/2

[Event "Kvibergspelen September 2019"]
[Site "Prioritet Serneke Arena, Krutvagen 2, Gothenburg, Sweden"]
[Date "2019.09.29"]
[Round "8.20"]
[White "Hardlei, Johan"]
[Black "Malmstig, Erik"]
[Result "1/2-1/2"]
[TimeControl "15 minutes + 5 seconds per move from move one (Round 1 - 4) / 90 minutes + 30 seconds per move from move one (Round 5 - 8)"]
[BlackTitle "FM"]
[WhiteFideId "1440489"]
[BlackFideId "1702866"]
[WhiteElo "2054"]
[BlackElo "2257"]

1. Nf3 d6 2. d4 Bg4 3. e3 Nd7 4. Be2 e5 5. dxe5 dxe5 6. Nxe5 Bb4+ 7. c3 Nxe5 8. Qxd8+ Rxd8 9. Bxg4 Bxc3+ 10. Nxc3 Nxg4 11. b3 Ne7 12. Ba3 f5 13. Nb5 Nd5 14. Rc1 Rd7 15. Ke2 Kf7 16. Rhd1 Ngf6 17. Bb2 Re8 18. Bxf6 gxf6 19.
Rc4 Red8 20. Kf3 c6 21. Nd4 Ne7 22. Rdc1 Ng6 23. Rc5 Ne5+ 24. Ke2 f4 25. b4 fxe3 26. fxe3 Rg8 27. g3 Rg4 28.
b5 Re4 29. bxc6 bxc6 30. Rd1 Ng4 31. Kf3 Rxe3+ 32. Kxg4 Re4+ 33. Kf5 Rexd4 34. Rxd4 Rxd4 35. Rxc6 Rd5+ 36. Ke4 Ra5 37. Rc2 Kg6 38.
Kd4 h5 39. Kc4 Kg5 40. Kb4 Ra6 41. a4 Rb6+ 42. Ka5 h4 43. Rc5 f5 44. gxh4 Kf4 45. Rc7 Rh6 46. Rxa7 Rxh4 47. Kb5 Rxh2 48.
a5 Rb2+ 49. Kc4 Kf3 50. a6 f4 51. Ra8 Ra2 52. a7 Kf2 53. Rf8 1/2-1/2